 Dungeon Crawl Stone Soup version 0.31-a0-261-g072fdb8a1f (webtiles) character file.

Game seed: 15269536496565870790

48 Dirtsage the Changeling (level 3, -1/25 HPs)
             Began as an Octopode Shapeshifter on July 13, 2023.
             Slain by an orc wizard
             ... wielding a +0 dagger
              (2 damage)
             ... on level 3 of the Dungeon.
             The game lasted 00:06:39 (1327 turns).

Dirtsage the Changeling (Octopode Shapeshifter)     Turns: 1327, Time: 00:06:40

Health: -1/25      AC:  1    Str: 14    XL:     3   Next: 72%
Magic:  3/3        EV: 13    Int: 12    God:
Gold:   128        SH:  0    Dex: 12    Spells: 2/2 levels left

rFire   . .          .
                       - Unarmed
rCold   . . .        (no shield)
rNeg    . . .        (helmet currently unavailable)
rPois   .            (no amulet)
rElec   .            (no ring)
rCorr   .            (no ring)
SInv    .            (no ring)
Will    .....        (no ring)
Stlth   ++           (no ring)
HPRegen 0.24/turn    (no ring)
MPRegen 0.08/turn    (no ring)
                     (no ring)

%: no passive effects
@: beast-form
A: beast (slay +2), almost no armour, amphibious, 8 rings, camouflage 1,
gelatinous body 1, (nimble swimmer 1), tentacles
a: Begin Untransformation


You were on level 3 of the Dungeon.
You were a hulking beast.
You visited 1 branch of the dungeon, and saw 3 of its levels.

You collected 128 gold pieces.

Inventory:

Magical Staves
 i - a staff of death
Talismans
 b - a beast talisman
Scrolls
 c - 3 scrolls of identify {unknown}
 f - 2 scrolls of immolation
 g - a scroll of amnesia {unknown}
 j - a scroll of silence {unknown}
Potions
 a - 2 potions of lignification
 d - 2 potions of curing {unknown}
 e - a potion of might {unknown}
 h - 2 potions of heal wounds {unknown}


   Skills:
 + Level 2.5 Fighting
 - Level 2.0 Dodging
 + Level 2.5 Unarmed Combat
 * Level 3.6 Shapeshifting


You had 2 spell levels left.
You didn't know any spells.
Your spell library was empty.

Dungeon Overview and Level Annotations

Branches:
Dungeon (3/15)

Altars:


Innate Abilities, Weirdness & Mutations

You are a hulking beast.
Your limbs bulge with bestial killing power. (Slay +2)
You cannot wear most types of armour.
You are amphibious.
You can wear up to eight rings at the same time.
Your skin changes colour to match your surroundings (Stealth+).
Your rubbery body absorbs attacks. (AC +1, EV +1)
((You are camouflaged when in or above water. (Stealth+)))
You have tentacles for arms and can constrict up to eight enemies at once.


Message History

You bump into the rock wall.
The orc wizard casts a spell at you.
You are more confused.
You bump into the rock wall.
The orc wizard casts a spell at you.
You are more confused.
The orc shouts!
You're too confused to move!
The orc wizard casts a spell.
The orc wizard flickers and vanishes!
Deactivating autopickup; reactivate with Ctrl-A.
You bump into the rock wall.
The orc throws a boomerang.
The boomerang barely misses you.
A magic dart appears from out of thin air!
The magic dart hits you!
You take 7 damage, and have 18/25 hp.
MASSIVE DAMAGE!!
The orc throws a boomerang.
The boomerang hits you.
You take 3 damage, and have 15/25 hp.
The orc throws a boomerang.
The boomerang barely misses you.
The orc throws a boomerang.
The boomerang barely misses you. Something hits you.
You take 4 damage, and have 11/25 hp.
You closely miss something. Something hits you.
You take 1 damage, and have 11/25 hp.
You closely miss something. Your squeeze misses something.
The orc throws a boomerang.
The boomerang barely misses you. Something hits you but does no damage.
The orc closely misses you.
You closely miss something.
You feel less confused. The orc hits you with a +0 club. Something hits you.
* * * LOW HITPOINT WARNING * * *
You take 6 damage, and have 5/25 hp.
MASSIVE DAMAGE!!
You tentacle-slap something. You squeeze something.
You hear some strange, mumbled words.
Something tries to affect you, but you resist.
You closely miss something. Your squeeze misses something.
The orc hits you with a +0 whip.
* * * LOW HITPOINT WARNING * * *
Something hits you.
You die...

...##...#
##...#.####.....#
.# #...#
##..#...##.....#
#...#
#...##.##.....#
#...#
##..##.##.....#
#..##.######.##
##..##..#......#
#.......#......#
#.oo...........#
#.h{...........#
#..(....#......#
#.......#......#
#########......#
......# ......#
......#


You could see 2 orcs.

Vanquished Creatures
  4 dart slugs
  5 ball pythons
  2 endoplasms (D:1)
  A giant cockroach (D:3)
  A goblin (D:1)
  4 hobgoblins
  5 quokkas
  7 bats
  4 frilled lizards
  2 kobolds
  4 rats
39 creatures vanquished.

Notes
Turn   | Place    | Note
-------+----------+-------------------------------------------
     0 | D:1      | Dirtsage the Octopode Shapeshifter began the quest for the
                  | Orb.
     0 | D:1      | Reached XP level 1. HP: 14/14 MP: 1/1
    87 | D:1      | Reached XP level 2. HP: 18/19 MP: 2/2
   324 | D:1      | Found a faded altar of an unknown god.
   485 | D:1      | Reached XP level 3. HP: 25/25 MP: 3/3
  1152 | D:3      | Noticed a black bear
  1327 | D:3      | HP: 1/25 [orc/+0 whip (5)]
  1327 | D:3      | Slain by an orc wizard

Illustrated notes

Levels and vault maps discovered:
D:1:      tarquinn_simple_flora_water_f, layout_rooms,
          hellmonk_ecumenical_altar_blasted, nicolae_twisty_statue_hallways
D:2:      layout_loops_ring
D:3:      layout_rooms, trog_book, minmay_misc_feat_square, uniq_terence

Action                     || total
---------------------------++-------
  Melee: Unarmed           ||    80
         Constrict         ||    27
         Tentacles         ||    15
   Stab: Sleeping          ||     8
 Armour: Skin              ||    10
  Dodge: Dodged            ||    63
         Form:             ||     1
         Beast             ||     1

Table legend: (Time is in decaauts)
 A = Elapsed time spent in this place.
 B = Non-inter-level travel time spent in this place.
 C = Inter-level travel time spent in this place.
 D = Time resting spent in this place.
 E = Time spent auto-exploring this place.
 F = Levels seen in this place.
 G = Mean time per level.
                   A        B        C        D        E       F      G
               +--------+--------+--------+--------+--------+-----+--------+
         Total |   1323 |   1310 |     13 |    105 |    902 |   3 |  441.0 |
       Dungeon |   1323 |   1310 |     13 |    105 |    902 |   3 |  441.0 |
               +--------+--------+--------+--------+--------+-----+--------+

Top non-repeatable levels by time:
     D:2: 729 daAuts
     D:1: 500 daAuts
     D:3: 93 daAuts
